AoeStats
← [RAT] G0rm

Lombardia

509931977Analyzed
3v3 RM · 4d ago on Sep 28, 2026· 66m 16s· 6 players
Game mode
Random Map
Map size
Normal (6 player)
Population
200
Speed
Normal
Resources
Standard
Victory
Conquest
Starting age
Dark Age
Ending age
Imperial Age
RankedLock teamsTeams togetherTeam positionsShared explorationLock speedFull tech treeHidden civsTurbo modeCheats
Victory
Defeat
🇳🇱 Saxons · Netherlands
1892
+4
🇷🇴 Japanese · Romania
1532
+14
🇳🇱 Danes · Netherlands
1493
+16
🇧🇷 Magyars · Brazil
1568
-14
🇧🇷 Ethiopians · Brazil
1518
-11
🇧🇷 Italians · Brazil
1481
-9
[KMNB] Dedão
6:21 Loom
9:21 Feudal Age
10:46 Double-Bit Axe
14:25 Fletching
16:10 Padded Archer Armor
17:46 Wheelbarrow
21:29 Castle Age
19:57 Gold Mining
20:37 Stone Mining
21:38 Crossbowman
22:17 Bodkin Arrow
22:45 Bow Saw
23:18 Leather Archer Armor
23:48 Ballistics
28:59 Horse Collar
29:40 Thumb Ring
30:18 Hand Cart
35:10 Imperial Age
32:37 Town Watch
34:45 Heavy Plow
35:56 Stone Shaft Mining
35:39 Caravan
35:13 Arbalester
36:02 Bracer
37:18 Chemistry
37:34 Conscription
38:19 Ring Archer Armor
38:00 Forging
38:46 Elite Genoese Crossbowman
40:58 Crop Rotation
41:07 Coinage
40:38 Caravan
41:59 Scale Barding Armor
42:30 Iron Casting
41:28 Light Cavalry
42:20 Bloodlines
42:32 Husbandry
43:47 Chain Barding Armor
43:00 Hussar
45:47 Blast Furnace
48:28 Masonry
48:15 Murder Holes
48:02 Treadmill Crane
52:43 Fortified Wall
54:53 Two-Man Saw
56:22 Architecture
62:44 Capped Ram
[KMNB] Bandeira
6:30 Loom
10:03 Feudal Age
10:37 Horse Collar
10:46 Double-Bit Axe
16:29 Scale Barding Armor
20:46 Bloodlines
23:45 Castle Age
23:01 Gold Mining
24:56 Chain Barding Armor
25:40 Husbandry
26:54 Wheelbarrow
34:01 Stone Mining
34:47 Gold Shaft Mining
37:02 Imperial Age
36:22 Heavy Plow
36:50 Bow Saw
37:10 Cavalier
38:03 Caravan
39:01 Plate Barding Armor
44:05 Conscription
44:51 Light Cavalry
45:33 Hussar
48:03 Hand Cart
50:06 Crop Rotation
49:34 Paladin
[KMNB] Galodoido
8:24 Feudal Age
7:01 Loom
12:18 Fletching
16:17 Double-Bit Axe
22:28 Castle Age
20:46 Horse Collar
21:07 Padded Archer Armor
22:50 Gold Mining
22:33 Crossbowman
23:08 Bodkin Arrow
23:27 Bow Saw
25:13 Heavy Plow
26:52 Leather Archer Armor
27:48 Ballistics
29:54 Stone Mining
31:29 Wheelbarrow
34:58 Imperial Age
33:42 Gold Shaft Mining
33:43 Stone Shaft Mining
35:22 Arbalester
36:03 Bracer
36:09 Thumb Ring
37:05 Chemistry
36:36 Ring Archer Armor
36:26 Hand Cart
37:59 Two-Man Saw
37:12 Town Watch
38:13 Forging
38:04 Scale Mail Armor
38:05 Squires
37:51 Arson
38:39 Masonry
38:40 Fortified Wall
39:15 Conscription
39:31 Iron Casting
39:40 Town Patrol
39:58 Chain Mail Armor
40:24 Royal Heirs
41:09 Coinage
40:40 Caravan
40:59 Elite Shotel Warrior
43:54 Blast Furnace
43:24 Plate Mail Armor
46:27 Architecture
62:30 Torsion Engines
[LW] Faneth
10:56 Feudal Age
12:18 Loom
14:41 Castle Age
13:00 Double-Bit Axe
12:57 Horse Collar
14:03 Loom
15:34 Bow Saw
20:26 Heavy Plow
24:27 Wheelbarrow
26:18 Gold Mining
27:46 Hand Cart
27:32 Stone Mining
29:27 Fletching
29:40 Padded Archer Armor
30:37 Gold Shaft Mining
30:21 Town Watch
30:52 Bodkin Arrow
32:12 Leather Archer Armor
33:31 Scale Mail Armor
33:42 Forging
37:20 Imperial Age
35:13 Chain Mail Armor
35:48 Iron Casting
35:43 Masonry
35:53 Ballistics
35:14 Treadmill Crane
36:13 Squires
36:01 Arson
36:01 Gambesons
35:38 Pikeman
37:26 Capped Ram
38:42 Plate Mail Armor
38:50 Ring Archer Armor
39:21 Chemistry
38:53 Architecture
38:18 Elite Varangian Guard
38:45 Siege Ram
40:16 Bracer
40:46 Ring Archer Armor
40:31 Fortified Wall
41:35 Ring Archer Armor
42:28 Conscription
41:29 Elite Hearth Troop
43:20 Scale Barding Armor
42:51 Shield Wall
45:26 Two-Man Saw
48:49 Caravan
49:19 Coinage
54:29 Hoardings
54:44 Crop Rotation
56:43 Town Patrol
59:32 Pikeman
60:20 Heavy Scorpion
63:06 Chain Barding Armor
64:48 Murder Holes
65:02 Siege Engineers
64:54 Murder Holes
[RAT] G0rm
9:40 Feudal Age
9:45 Loom
9:51 Loom
11:52 Fletching
16:01 Double-Bit Axe
17:52 Padded Archer Armor
20:26 Wheelbarrow
23:19 Castle Age
22:10 Horse Collar
25:00 Bow Saw
24:49 Bodkin Arrow
29:21 Husbandry
33:06 Hand Cart
33:20 Gold Mining
38:18 Imperial Age
35:55 Yasama
35:58 Guard Tower
37:32 Ballistics
37:09 Murder Holes
37:09 Pikeman
37:50 Scale Mail Armor
38:04 Gambesons
38:19 Squires
38:04 Arson
40:18 Chemistry
39:21 Halberdier
41:44 Keep
40:56 Arrowslits
42:11 Chain Mail Armor
42:07 Forging
42:36 Keep
42:51 Fortified Wall
42:23 Treadmill Crane
46:24 Caravan
47:17 Plate Mail Armor
47:23 Iron Casting
54:56 Heavy Plow
55:10 Town Watch
56:15 Masonry
57:02 Bracer
63:15 Conscription
63:16 Kataparuto
66:02 Blast Furnace
[RAT] Havik_AoE
5:12 Loom
10:29 Feudal Age
15:17 Castle Age
14:53 Double-Bit Axe
14:48 Horse Collar
16:35 Bow Saw
16:32 Gambesons
24:00 Heavy Plow
27:23 Town Watch
33:04 Imperial Age
30:43 Pikeman
31:44 Squires
31:45 Scale Mail Armor
31:58 Gold Mining
32:44 Wheelbarrow
33:18 Chain Mail Armor
33:14 Forging
33:07 Onager
33:21 Halberdier
34:51 Hand Cart
35:15 Siege Engineers
35:31 Siege Onager
36:01 Capped Ram
37:09 Gambesons
37:12 Arson
37:44 Northmen's Fury
38:44 Siege Ram
38:48 Elite Varangian Guard
40:51 Gold Shaft Mining
40:28 Hamask
42:20 Plate Mail Armor
42:00 Forging
44:06 Chemistry
47:41 Conscription
46:43 Hamask
51:12 Caravan
58:03 Hoardings
Connection lost

Rejoining the realm…

Still unreachable

The connection could not be restored.

Session expired

The server has moved on; the page needs a fresh start.